 Dungeon Crawl Stone Soup version 0.27.1-33-g824d729ab1 (webtiles) character file.

Game seed: 7286725845363624458

47 unlimited1921 the Vexing (level 3, -1/28 HPs)
             Began as a Gnoll Arcane Marksman on Dec 2, 2021.
             Slain by Terence (10 damage)
             ... on level 1 of the Dungeon.
             The game lasted 00:06:12 (1717 turns).

unlimited1921 the Vexing (Gnoll Arcane Marksman)    Turns: 1717, Time: 00:06:13

Health: -1/28      AC:  5    Str:  9    XL:     3   Next: 70%
Magic:  7/7        EV: 13    Int: 12    God:
Gold:   12         SH:  0    Dex: 13    Spells: 6/7 levels left

rFire    . . .     SeeInvis .   a - +0 hand crossbow
rCold    . . .     Faith    .   (no shield)
rNeg     . . .     Spirit   .   d - +0 robe
rPois    .         Reflect  .   k - +2 hat
rElec    .         Harm     .   (no cloak)
rCorr    .         Rampage  .   (no gloves)
Will     .....                  l - +0 pair of boots
Stlth    ++........             (no amulet)
HPRegen  0.09/turn              (no ring)
MPRegen  0.10/turn              (no ring)

@: no status effects
A: fangs 1, strong nose, distributed training
a: no special abilities


You were on level 1 of the Dungeon.
You visited 1 branch of the dungeon, and saw 2 of its levels.

You collected 12 gold pieces.

Inventory:

Hand Weapons
 a - a +0 hand crossbow (weapon)
 e - a +0 dagger
 h - a +0 trident
 n - a +0 spear
Missiles
 b - 41 arrows
 c - 2 bolts (quivered ammo)
 o - 5 silver javelins
Armour
 d - a +0 robe (worn)
 k - a +2 hat (worn)
 l - a +0 pair of boots (worn)
Jewellery
 f - an amulet of faith
Scrolls
 i - a scroll of fear {unknown}
 j - a scroll of magic mapping {unknown}
 m - a scroll of teleportation {unknown}
Potions
 g - a potion of cancellation {unknown}
 p - a potion of mutation {unknown}
 q - a potion of degeneration {unknown}


   Skills:
 + Level 2.6 Fighting
 + Level 0.9 Short Blades
 + Level 0.9 Long Blades
 + Level 0.9 Axes
 + Level 0.9 Maces & Flails
 + Level 0.9 Polearms
 + Level 0.9 Staves
 + Level 0.9 Slings
 + Level 0.9 Bows
 + Level 4.5 Crossbows
 + Level 0.9 Throwing
 + Level 0.9 Armour
 + Level 4.5 Dodging
 + Level 0.9 Stealth
 + Level 0.9 Shields
 + Level 0.9 Unarmed Combat
 + Level 2.8 Spellcasting
 + Level 0.6 Conjurations
 + Level 5.4 Hexes
 + Level 0.6 Summonings
 + Level 0.6 Necromancy
 + Level 0.6 Translocations
 + Level 0.6 Transmutations
 + Level 0.6 Fire Magic
 + Level 0.6 Ice Magic
 + Level 0.6 Air Magic
 + Level 0.6 Earth Magic
 + Level 0.6 Poison Magic
 + Level 1.0 Invocations
 + Level 0.9 Evocations


You had 6 spell levels left.
You knew the following spells:

 Your Spells              Type           Power      Damage    Failure   Level
a - Corona                Hex            15%        N/A       2%          1

Your spell library contained the following spells:

 Spells                   Type           Power      Damage    Failure   Level
 Slow                     Hex            14%        N/A       4%          2
 Inner Flame              Hex/Fire       9%         N/A       22%         3
 Portal Projectile        Hex/Tloc       18%        N/A       22%         3
 Cause Fear               Hex            7%         N/A       26%         4


Dungeon Overview and Level Annotations

Branches:
Dungeon (2/15)

Altars:

Shops:
D:1 ?

Annotations:
D:1 Terence


Innate Abilities, Weirdness & Mutations

You have very sharp teeth.
Your uncanny sense of smell can sniff out nearby items.
Your experience applies equally to all skills.


Message History

A mysterious force pulls you upwards. The hatch slams shut behind you.
There is a stone staircase leading down here.
Things that are here:
4 stones; a +0 short sword Terence asks, "Do you want it fast or slow?"
Terence shouts, "Get ready for death!"
Terence says, "How do you enjoy it?" Terence shouts, "Now you die!"
Terence barely misses you.
You shoot a bolt. The bolt hits Terence.
Terence is lightly wounded.
Terence barely misses you. x2
You shoot a bolt. The bolt hits Terence.
Terence is lightly wounded.
Terence misses you.
You shoot a bolt. The bolt closely misses Terence.
Terence hits you with a +0 flail.
You shoot a bolt.
The bolt hits Terence but does no damage.
Terence is lightly wounded.
Terence barely misses you.
You shoot a bolt. The bolt hits Terence!
Terence is severely wounded.
Terence hits you with a +0 flail. Terence hits you with a +0 flail!
* * * LOW HITPOINT WARNING * * *
Terence shouts, "Now you die!"
You see here a +0 whip.
Terence shouts, "Get ready for death!"
Terence closely misses you.
Terence shouts, "Get ready for death!"
Terence bares his teeth.
Terence barely misses you. Terence hits you with a +0 flail.
* * * LOW HITPOINT WARNING * * *
You see here a +0 whip.
Terence bares his teeth.
Terence says, "Did you write a will?
You should..."
Terence says, "How do you enjoy it?" Terence hits you with a +0 flail!
You die...

#.########.#..# #.........
#......# #.#..#####........#
######.# #.#...............#
#.###.##.#####..#######
#.#...##.### #..#
#.#.####.#.# #).#######
#.#>####.#.###.........
#.#.#..@.#.....########
#.#...@...........#
#######.###.####.######.#
#...#.......# #.######.#
#.#.#.#.....####.#....#.#
#.#.#.#####...#..#.##.#.#
#.#.#.# ###.........#.#
#.#.#.# ####....#......#####
#.#.#.####............###....
#.#.#............####.# #....


You could see Terence.

Vanquished Creatures
  2 adders (D:2)
  3 ball pythons
  2 endoplasms
  2 goblins
  3 hobgoblins
  2 kobolds (D:1)
  2 quokkas (D:1)
  5 bats
  A frilled lizard (D:2)
  5 rats
27 creatures vanquished.

Notes
Turn   | Place    | Note
-------+----------+-------------------------------------------
     0 | D:1      | unlimited1921 the Gnoll Arcane Marksman began the quest for
                  | the Orb.
     0 | D:1      | Reached XP level 1. HP: 17/17 MP: 4/4
   233 | D:1      | Found Oner's Magic Scroll Boutique.
   341 | D:1      | Reached XP level 2. HP: 19/23 MP: 5/5
  1292 | D:2      | Reached XP level 3. HP: 28/28 MP: 7/7
  1475 | D:2      | Noticed Terence
  1485 | D:2      | Reached skill level 1 in Invocations
  1717 | D:1      | Slain by Terence

Illustrated notes

Levels and vault maps discovered:
D:1:      minmay_arrival_statue_studded, layout_basic, serial_shops,
          nicolae_shop_stone
D:2:      minmay_general_purpose_star, layout_basic, corexii_hall_statues_l,
          uniq_terence

Skill      XL: |  1  2  3 |
---------------+----------+-----
Invocations    | 1 |  1.0
Fighting       | |  2.6
Short Blades   | |  0.9
Long Blades    | |  0.9
Axes           | |  0.9
Maces & Flails | |  0.9
Polearms       | |  0.9
Staves         | |  0.9
Slings         | |  0.9
Bows           | |  0.9
Crossbows      | |  4.5
Throwing       | |  0.9
Armour         | |  0.9
Dodging        | |  4.5
Stealth        | |  0.9
Shields        | |  0.9
Unarmed Combat | |  0.9
Spellcasting   | |  2.8
Conjurations   | |  0.6
Hexes          | |  5.4
Summonings     | |  0.6
Necromancy     | |  0.6
Translocations | |  0.6
Transmutations | |  0.6
Fire Magic     | |  0.6
Ice Magic      | |  0.6
Air Magic      | |  0.6
Earth Magic    | |  0.6
Poison Magic   | |  0.6
Evocations     | |  0.9

Action                   || total
-------------------------++-------
Melee: Trident           ||    63
       Bite              ||     2
 Fire: Hand crossbow     ||    21
 Stab: Sleeping          ||     3
Armor: Robe              ||    30
Dodge: Dodged            ||    59
